AoeStats
← YANCI

Arabia

509904004Analyzed
3v3 RM · 4d ago on Sep 28, 2026· 28m 36s· 6 players
Game mode
Random Map
Map size
Normal (6 player)
Population
200
Speed
Normal
Resources
Standard
Victory
Conquest
Starting age
Dark Age
Ending age
Imperial Age
RankedLock teamsTeams togetherTeam positionsShared explorationLock speedFull tech treeHidden civsTurbo modeCheats
Victory
Defeat
🇺🇸 Franks · United States
960
+13
🇳🇱 Malay · Netherlands
955
+14
🇪🇸 Vietnamese · Spain
848
+18
🇹🇷 Ethiopians · Türkiye
965
-18
🇫🇷 Britons · France
902
-15
🇹🇷 Franks · Türkiye
836
-12
Iman Power
7:34 Loom
9:54 Feudal Age
11:41 Double-Bit Axe
14:52 Horse Collar
19:46 Wheelbarrow
19:39 Gold Mining
22:26 Castle Age
21:50 Fletching
22:01 Padded Archer Armor
24:19 Bow Saw
24:20 Scale Barding Armor
27:27 Hand Cart
27:30 Town Watch
Goup
10:17 Feudal Age
19:07 Castle Age
17:25 Double-Bit Axe
17:22 Horse Collar
19:49 Pikeman
YANCI
10:52 Feudal Age
9:10 Loom
20:00 Double-Bit Axe
22:27 Gold Mining
22:28 Stone Mining
26:35 Castle Age
25:15 Wheelbarrow
26:01 Scale Barding Armor
27:12 Forging
28:24 Bow Saw
28:41 Chain Barding Armor
not A theist
6:29 Loom
9:57 Feudal Age
11:31 Double-Bit Axe
17:02 Forging
18:23 Wheelbarrow
21:09 Castle Age
19:33 Fletching
20:15 Stone Mining
23:22 Bow Saw
23:56 Bodkin Arrow
24:01 Gold Mining
25:27 Gold Shaft Mining
26:12 Padded Archer Armor
26:47 Husbandry
28:30 Leather Archer Armor
28:21 Ordonnance Companies
29:36 Ballistics
Luisirk
10:49 Feudal Age
11:37 Town Watch
11:38 Loom
12:02 Double-Bit Axe
17:08 Fletching
19:22 Padded Archer Armor
24:40 Castle Age
23:59 Gold Mining
25:57 Crossbowman
28:29 Thumb Ring
sfdejonge
5:47 Loom
12:08 Feudal Age
20:30 Castle Age
18:37 Double-Bit Axe
18:41 Horse Collar
20:24 Wheelbarrow
21:16 Bow Saw
21:56 Stone Mining
22:33 Heavy Plow
23:38 Gold Mining
25:21 Gold Shaft Mining
Connection lost

Rejoining the realm…

Still unreachable

The connection could not be restored.

Session expired

The server has moved on; the page needs a fresh start.